 Dungeon Crawl Stone Soup version 0.28-a0-723-g095bd1b44f (webtiles) character file.

Game seed: 764128247697218571

0 spiderkeys the Ducker (level 1, -10/13 HPs)
             Began as a Deep Elf Abyssal Knight on Oct 26, 2021.
             Was a Follower of Lugonu.
             Killed by drain life
             ... invoked by a soul eater
              (18 damage)
             ... on level 1 of the Abyss.
             The game lasted 00:00:44 (241 turns).

spiderkeys the Ducker (Deep Elf Abyssal Knight)      Turns: 241, Time: 00:00:44

Health: -10/13     AC:  3    Str: 10    XL:     1   Next: 0%
Magic:  4/4        EV: 12    Int: 14    God:    Lugonu [*.....]
Gold:   14         SH:  0    Dex: 15    Spells: 0/0 levels left

rFire   . . .      SeeInvis .   a - +1 falchion
rCold   . . .      Faith    .   (no shield)
rNeg    . . .      Spirit   .   b - +0 leather armour
rPois   .          Reflect  .   (no helmet)
rElec   .          Harm     .   (no cloak)
rCorr   .          Rampage  .   (no gloves)
Will    .....      Clarity  +   (no boots)
Stlth   +.........              (no amulet)
HPRegen 0.00/turn               (no ring)
MPRegen 0.09/turn               (no ring)

@: sick
A: clarity
a: Renounce Religion, Depart the Abyss


You were on level 1 of the Abyss.
You worshipped Lugonu.
Lugonu was aware of your devotion.
You visited 0 branches of the dungeon, and saw 0 of its levels.
You visited the Abyss 1 time.

You collected 14 gold pieces.


Innate Abilities, Weirdness & Mutations

You possess an exceptional clarity of mind.


   Skills:
 + Level 2.4 Fighting
 + Level 1.7 Long Blades
 + Level 0.7 Armour
 + Level 2.4 Dodging
 + Level 2.0 Invocations


You couldn't memorise any spells.
You didn't know any spells.
Your spell library was empty.

Inventory:

Hand Weapons
 a - a +1 falchion (weapon)
Armour
 b - a +0 leather armour (worn)
Potions
 c - a potion of curing {unknown}

Dungeon Overview and Level Annotations

Branches:
Dungeon (0/15)

Altars:

## ##.# ...### #
##....# . #.#
#...######X#
#...#@.##.#...#
..#...#.##...#
#..3...x...#
#.######....####
.# #...#x.#..#.#
#..#.##...#..#
#### #.. ##
##...# ### .#. .
#...#.... {..
#..##..##..#.#


You could see a soul eater and 2 ancient zymes.


Message History

🤖 Initializing magus.rc ... ✅ Successfully initialized magus.rc [v1.9.10] Welcome, spiderkeys the Deep Elf Abyssal Knight.
You feel drawn to the Orb of Zot, downwards into the unfathomable depths...
Lugonu says: Depart the Abyss and spread corruption, my servant! (use the ability menu to exit the Abyss) Press ? for a list of commands and other information.
Found a corrupted altar of Lugonu.
Found a gateway leading out of the Abyss.
You are suddenly pulled into a different region of the Abyss!
c - a cyan potion An ancient zyme comes into view.
You feel yourself growing ill in the presence of the ancient zyme.
You feel ill.
You feel ill.
You now have 14 gold pieces.
The neqoxec shouts!
You feel ill. The neqoxec completely misses you.
You feel ill.
Found a bloodstained altar of Trog.
You feel ill. The neqoxec gestures at you.
Strange energies course through your body.
Your thoughts seem clearer.
You feel ill.
An ancient zyme comes into view.
You feel ill.
You feel ill.
You see here a scroll labelled NUZIOCO ZODAO.
As you read the scroll labelled NUZIOCO ZODAO, it crumbles to dust.
You hear a loud clanging noise!
It was a scroll of noise.
You hear a chilling moan.
You feel ill.
You feel ill. The neqoxec gestures at you.
Something tries to feed on your intellect!
You feel ill.
You feel ill.
You feel ill.
You feel ill.
You feel ill.
You feel ill. x2
You feel ill.
A lurking horror comes into view.
You feel ill.
You feel ill.
Your body is wracked with pain! 😮 HP[-5]
You take 5 damage, and now have 8/13 hp.
MASSIVE DAMAGE!! (PAUSE)
You feel ill.
A soul eater comes into view.
A large abomination comes into view.
The soul eater draws from the surrounding life force!
Ouch! That really hurt!
You die...

Action                   || total
-------------------------++-------
  Use: Scroll            ||     1
Dodge: Dodged            ||     1

Levels and vault maps discovered:
Abyss:1:  base: Temple, base: Temple, bh_silent_lugonu_exit

Notes
Turn   | Place    | Note
-------+----------+-------------------------------------------
     0 | Abyss:1  | spiderkeys the Deep Elf Abyssal Knight began the quest for
                  | the Orb.
     0 | Abyss:1  | Reached XP level 1. HP: 13/13 MP: 4/4
     0 | Abyss:1  | magus.rc [v1.9.10]
    30 | Abyss:1  | Found a corrupted altar of Lugonu.
   153 | Abyss:1  | Noticed an ancient zyme
   170 | Abyss:1  | Noticed a neqoxec
   179 | Abyss:1  | Found a bloodstained altar of Trog.
   182 | Abyss:1  | Gained mutation: You possess an exceptional clarity of
                  | mind. [a neqoxec]
   186 | Abyss:1  | Noticed an ancient zyme
   238 | Abyss:1  | Noticed a soul eater
   238 | Abyss:1  | Noticed a large abomination
   241 | Abyss:1  | Killed from afar by a soul eater

Vanquished Creatures (others)
  A lurking horror (Abyss:1)
1 creature vanquished.

Table legend:
 A = Non-vault XP
 B = Vault XP
 C = Vault XP percentage of total XP
 D = Non-vault monster count
 E = Vault monster count
 F = Vault count percentage of total count
                 A         B        C        D         E       F
            +---------+---------+-------+---------+---------+-------
      Total |       0 |       0 |   N/A |       0 |       0 |  -nan
            +---------+---------+-------+---------+---------+-------
            +---------+---------+-------+---------+---------+-------

Illustrated notes

Table legend: (Time is in decaauts)
 A = Elapsed time spent in this place.
 B = Non-inter-level travel time spent in this place.
 C = Inter-level travel time spent in this place.
 D = Time resting spent in this place.
 E = Time spent auto-exploring this place.
 F = Levels seen in this place.
 G = Mean time per level.
                   A        B        C        D        E       F      G
               +--------+--------+--------+--------+--------+-----+--------+
         Total |    241 |    241 |      0 |      0 |    150 |   1 |  241.0 |
         Abyss |    241 |    241 |      0 |      0 |    150 |   1 |  241.0 |
               +--------+--------+--------+--------+--------+-----+--------+

Top non-repeatable levels by time:
 Abyss:1: 241 daAuts
